 Dungeon Crawl Stone Soup version 0.19.5 (webtiles) character file.

150 IBeShadow the Conjurer (level 5, 0/42 HPs)
             Began as a Deep Elf Conjurer on May 8, 2017.
             Succumbed to a worker ant's poison
             ... on level 4 of the Dungeon on May 9, 2017.
             The game lasted 00:11:39 (2666 turns).

IBeShadow the Conjurer (Deep Elf Conjurer)          Turns: 2666, Time: 00:11:39

Health: 0/42       AC: 22    Str:  6    XL:     5   Next: 10%
Magic:  1/11       EV:  2    Int: 20    God:
Gold:   242        SH:  0    Dex: 20    Spells: 2 memorised, 7 levels left

rFire  + . .     SeeInvis .     m - +4 dagger
rCold  + . .     Gourm    .     (armour currently unavailable)
rNeg   + + +     Faith    .     (no shield)
rPois  +         Spirit   .     (helmet currently unavailable)
rElec  +         Reflect  .     (cloak currently unavailable)
rCorr  +         Harm     .     (gloves currently unavailable)
MR     .....     NoTele   +     (boots currently unavailable)
Stlth  +++.......               (no amulet)
                                (no ring)
                                (no ring)

@: agile, lethally poisoned (0 -> -3), tree-form, resistant, very slightly
contaminated, invisible
A: no striking features
a: no special abilities


You were on level 4 of the Dungeon.
You were not hungry.
You were a tree.
You visited 1 branch of the dungeon, and saw 4 of its levels.

You collected 242 gold pieces.

Inventory:

Hand Weapons
 j - a +0 dagger
 m - a +4 dagger (weapon)
Armour
 a - a +0 robe (melded)
 e - a +1 cloak (melded)
Scrolls
 d - a scroll of enchant armour
 s - a scroll of identify
Potions
 n - a potion of brilliance
Books
 b - a book of Conjurations

   Spells                             Type                      Level
   a - Magic Dart                     Conjuration                  1
   b - Searing Ray                    Conjuration                  2
   c - Dazzling Spray                 Conjuration/Hexes            3
   d - Fulminant Prism                Conjuration/Hexes            4
   e - Iskenderun's Mystic Blast      Conjuration                  4
   f - Iskenderun's Battlesphere      Conjuration/Charms           5
Comestibles
 c - 3 bread rations
 g - 5 fruits
 h - 2 slices of pizza
 o - a meat ration


   Skills:
 - Level 2.7 Dodging
 - Level 2.5 Stealth
 - Level 3.2 Spellcasting
 + Level 6.8 Conjurations


You had 7 spell levels left.
You knew the following spells:

 Your Spells              Type           Power        Failure   Level  Hunger
a - Magic Dart            Conj           ####         1%          1    None
b - Searing Ray           Conj           ####..       1%          2    ##.....


Dungeon Overview and Level Annotations

Branches:
Dungeon (4/15)
 Temple: D:4-7

Altars:
Gozag

Shops:
D:4 =


Message History

You have reached level 5! (Press . to maintain the ray.)
* * * LOW HITPOINT WARNING * * *
You feel sick.
The gnoll hits you but does no damage. x2
Without enough magic to sustain it, your searing ray dissipates.
The gnoll hits you but does no damage. x2
* * * LOW HITPOINT WARNING * * *
You feel sick. The gnoll hits you but does no damage.
The gnoll hits you from afar with a spear.
* * * LOW HITPOINT WARNING * * *
Okay, then.
Okay, then.
You fade into invisibility!
The gnoll hits you but does no damage. The gnoll barely misses you.
You are very lightly contaminated with residual magic.
The gnoll hits you but does no damage. x2
* * * LOW HITPOINT WARNING * * *
You feel sick.
The gnoll hits you but does no damage. x2
The gnoll hits you but does no damage. x2
You die...

###### ############ #....#
#..........#
#.##.###############.#........###
#.##............♣.g..†...........
#.##....#####....#g#.#........##.
....#.#.#####.##.#............##.
......#.#......#.#.#.#...)....##.
....#.#..........#............##.
....#>.................#########.
....#####........#####.# #. ....#
########.# #..# #. ....# #.# .#
##.


You could see 2 gnolls.

Vanquished Creatures
  A worker ant (D:4)
  2 gnolls (D:4)
  3 adders
  A worm (D:2)
  2 dart slugs
  2 leopard geckos
  3 orcs (D:3)
  A ball python (D:2)
  2 giant cockroaches
  12 goblins
  2 hobgoblins (D:1)
  8 jackals
  6 kobolds
  3 quokkas
  7 bats
  3 frilled lizards
  10 rats
68 creatures vanquished.

Notes
Turn   | Place    | Note
-------+----------+-------------------------------------------
     0 | D:1      | IBeShadow the Deep Elf Conjurer began the quest for the Orb.
     0 | D:1      | Reached XP level 1. HP: 10/10 MP: 6/6
   117 | D:1      | Reached XP level 2. HP: 6/15 MP: 0/8
   121 | D:1      | Learned a level 2 spell: Searing Ray
   520 | D:1      | Reached skill level 5 in Conjurations
   818 | D:2      | Reached XP level 3. HP: 19/19 MP: 6/9
   822 | D:2      | Found a faded altar of an unknown god.
  1320 | D:2      | Found an opulent altar of Gozag.
  1888 | D:3      | Reached XP level 4. HP: 24/24 MP: 5/10
  1989 | D:3      | Reached skill level 6 in Conjurations
  2151 | D:3      | Noticed an ogre
  2405 | D:4      | Noticed an ogre
  2542 | D:4      | Found Tikh's Jewellery Shop.
  2659 | D:4      | Reached XP level 5. HP: 4/28 MP: 0/11
  2661 | D:4      | HP: 2/42 [gnoll/spear (1)]
  2666 | D:4      | Succumbed to a worker ant's poison

Skill      XL: |  1  2  3  4 |
---------------+-------------+-----
Conjurations   | 5 6 |  6.8
Dodging        | |  2.7
Stealth        | |  2.5
Spellcasting   | |  3.2

Action                   |  1- 3 |  4- 6 || total
-------------------------+-------+-------++-------
 Cast: Magic Dart        |    86 |    23 ||   109
       Searing Ray       |     1 |     4 ||     5
  Use: Potion            |       |    10 ||    10
       Scroll            |       |     5 ||     5
  Eat: Chunk             |     3 |       ||     3
       Bread ration      |       |     1 ||     1
Armor: Robe              |     4 |     3 ||     7
       Skin              |       |    17 ||    17
Dodge: Dodged            |    18 |    22 ||    40
